 Dungeon Crawl Stone Soup version 0.27-a0-287-gd4424db430 (webtiles) character file.

Game seed: 8524438209558649968

25 runemasterragnar the Skirmisher (level 3, -8/24 HPs)
             Began as a Gargoyle Monk on Feb 9, 2021.
             Mangled by Sigmund
             ... wielding a +0 scythe
              (13 damage)
             ... on level 2 of the Dungeon.
             The game lasted 00:01:40 (1182 turns).

runemasterragnar the Skirmisher (Gargoyle Monk)     Turns: 1182, Time: 00:01:41

Health: -8/24      AC:  6    Str: 14    XL:     3   Next: 6%
Magic:  3/3        EV: 12    Int: 11    God:
Gold:   63         SH:  0    Dex: 12    Spells: 2/2 levels left

rFire    + . .     SeeInvis .   n - +0 mace (protect)
rCold    . . .     Faith    .   (no shield)
rNeg     + . .     Spirit   .   b - +0 robe
rPois    ∞         Reflect  .   (no helmet)
rElec    +         Harm     .   (no cloak)
rCorr    .         Rampage  .   (no gloves)
Will     .....                  k - +0 pair of boots
Stlth    ++........             (no amulet)
HPRegen  0.08/turn              (no ring)
MPRegen  0.08/turn              q - ring of protection from fire

@: no status effects
A: negative energy resistance 1, electricity resistance, unbreathing,
petrification resistance, miasma immunity, AC +3
a: no special abilities


You were on level 2 of the Dungeon.
You visited 1 branch of the dungeon, and saw 2 of its levels.

You collected 63 gold pieces.

Inventory:

Hand Weapons
 a - a +0 mace
 n - a +0 mace of protection (weapon)
Armour
 b - a +0 robe (worn)
 k - a +0 pair of boots (worn)
Jewellery
 o - an uncursed ring of teleportation
 q - a ring of protection from fire (right hand)
Scrolls
 c - 4 scrolls of identify
 h - 2 scrolls of enchant armour {unknown}
 i - 2 scrolls of magic mapping {unknown}
 j - 2 scrolls of teleportation {unknown}
 l - 2 scrolls of enchant weapon {unknown}
 p - a scroll of amnesia {unknown}
Potions
 e - a potion of resistance
 g - a potion of curing {unknown}
 m - a potion of degeneration {unknown}
 r - a potion of haste {unknown}


   Skills:
 + Level 3.7 Fighting
 - Level 3.0 Maces & Flails
 + Level 2.7 Dodging
 + Level 2.9 Stealth


You had 2 spell levels left.
You didn't know any spells.
Your spell library was empty.

Dungeon Overview and Level Annotations

Branches:
Dungeon (2/15)

Altars:
Ashenzari
Wu Jian

Annotations:
D:2 Sigmund


Innate Abilities, Weirdness & Mutations

You are resistant to torment.
Your stone body is resilient. (AC +3)
You are immune to poison.
You resist negative energy. (rN+)
You are resistant to electric shocks. (rElec)
You can survive without breathing.
You are immune to petrification.
You are immune to miasma.


Message History

You hit Sigmund.
Sigmund is moderately wounded.
Sigmund casts a spell at himself.
Sigmund flickers and vanishes!
Deactivating autopickup; reactivate with Ctrl-A.
Something hits you.
You closely miss something. You miss something.
You hear some strange, mumbled words.
A magic dart appears from out of thin air!
The magic dart hits you. Something hits you but does no damage.
You closely miss something. Something hits you but does no damage.
You hit something.
Your weapon exudes an aura of protection.
You miss something. Something hits you.
You miss something. Something hits you!
* * * LOW HITPOINT WARNING * * *
You barely miss something. Something hits you!
Ouch! That really hurt!
You die...

####....#.## #.....##.#
#.>..
#..........###.....# .#
###..
#....<......######## ..
....#
#...........####.## .
..... #.###.#####.......
##. #.# #.# ##......#
##. ##.# #.####..###..#
# ##..
#..###.........#{.##..##
#...
#.###.....####.#@.......
####..# #.#........#
#.......... #.....#
#..........#
###).......###.###..
#..........##
#................#
#.###........
##.......##.####.#
#.###.....##..
...!...#.......#
#(##.......###
...............#
#.##.......#
...............#
#.##.......#
..............#


There were no monsters in sight!

Vanquished Creatures
  A worm (D:2)
  2 leopard geckos (D:2)
  5 bats
  A giant cockroach (D:2)
  3 goblins
  A hobgoblin (D:1)
  4 frilled lizards
  2 kobolds
  A rat (D:2)
20 creatures vanquished.

Notes
Turn   | Place    | Note
-------+----------+-------------------------------------------
     0 | D:1      | runemasterragnar the Gargoyle Monk began the quest for the
                  | Orb.
     0 | D:1      | Reached XP level 1. HP: 14/14 MP: 1/1
   662 | D:1      | Reached XP level 2. HP: 17/19 MP: 2/2
   995 | D:2      | Found an ornate altar of the Wu Jian Council.
  1023 | D:2      | Found a broken altar of Ashenzari.
  1074 | D:2      | Reached XP level 3. HP: 19/24 MP: 3/3
  1167 | D:2      | Noticed Sigmund
  1182 | D:2      | Mangled by Sigmund

Illustrated notes

Levels and vault maps discovered:
D:1:      ncdulo_watergridlock, layout_basic, serial_curves, eino_curves_04,
          eino_curves_01, eino_curves_03, minmay_misc_feat_chi
D:2:      layout_rooms, evilmike_ruin_ashenzari, overflow_temple_1_default,
          uniq_natasha, uniq_sigmund

Action                   || total
-------------------------++-------
Melee: Mace              ||    80
  Use: Scroll            ||     3
 Stab: Sleeping          ||     8
Armor: Robe              ||    31
Dodge: Dodged            ||    59

Table legend: (Time is in decaauts)
 A = Elapsed time spent in this place.
 B = Non-inter-level travel time spent in this place.
 C = Inter-level travel time spent in this place.
 D = Time resting spent in this place.
 E = Time spent auto-exploring this place.
 F = Levels seen in this place.
 G = Mean time per level.
                   A        B        C        D        E       F      G
               +--------+--------+--------+--------+--------+-----+--------+
         Total |   1200 |   1162 |     38 |      0 |    941 |   2 |  600.0 |
       Dungeon |   1200 |   1162 |     38 |      0 |    941 |   2 |  600.0 |
               +--------+--------+--------+--------+--------+-----+--------+

Top non-repeatable levels by time:
     D:1: 807 daAuts
     D:2: 393 daAuts
